 Dungeon Crawl Stone Soup version 0.24.1 (webtiles) character file.

Game seed: 4711811164413387514, levelgen mode: deterministic

203 nightchill the Stinger (level 5, -8/32 HPs)
             Began as a Gargoyle Venom Mage on Mar 30, 2020.
             Mangled by an ogre
             ... wielding a +0 giant spiked club
              (16 damage)
             ... on level 4 of the Dungeon.
             The game lasted 00:09:03 (4332 turns).

nightchill the Stinger (Gargoyle Venom Mage)        Turns: 4332, Time: 00:09:03

Health: -8/32      AC:  6    Str: 13    XL:     5   Next: 81%
Magic:  6/8        EV: 12    Int: 15    God:
Gold:   106        SH:  0    Dex: 10    Spells: 1/8 levels left

rFire    . . .     SeeInvis .   d - +1 dagger (vamp)
rCold    . . .     Gourm    .   (no shield)
rNeg     + . .     Faith    .   a - +0 robe
rPois    ∞         Spirit   .   (no helmet)
rElec    +         Reflect  .   p - scarf {cloud immunity}
rCorr    .         Harm     .   (no gloves)
MR       .....                  (no boots)
Stlth    ++........             (no amulet)
HPRegen  0.10/turn              (no ring)
MPRegen  0.11/turn              (no ring)

@: no status effects
A: negative energy resistance 1, electricity resistance, unbreathing,
petrification resistance, rot immunity, AC +4
a: no special abilities


You were on level 4 of the Dungeon.
You were not hungry.

You visited 1 branch of the dungeon, and saw 4 of its levels.

You collected 106 gold pieces.

Inventory:

Hand Weapons
 d - a +1 vampiric dagger (weapon)
 e - a +0 club
 o - a +4 whip
Missiles
 f - 244 stones (quivered)
 n - 14 poisoned darts
Armour
 a - a +0 robe (worn)
 p - a scarf of cloud immunity (worn)
Jewellery
 r - a +4 ring of protection {unknown}
 s - an uncursed ring of magical power {unknown}
Scrolls
 h - a scroll of magic mapping
Potions
 i - a potion of lignification
 j - a potion of degeneration
 k - a potion of curing {unknown}
 l - a potion of invisibility {unknown}
Comestibles
 c - 5 rations
 q - a chunk of flesh


   Skills:
 + Level 3.1 Fighting
 - Level 1.5 Dodging
 - Level 2.1 Stealth
 - Level 2.0 Spellcasting
 - Level 1.1 Conjurations
 * Level 5.4 Poison Magic


You had one spell level left.
You knew the following spells:

 Your Spells              Type           Power        Failure   Level  Hunger
a - Sting                 Conj/Pois      ##..         6%          1    #......
b - Poisonous Vapours     Pois/Air       #.....       11%         2    ###....
c - Olgreb's Toxic Radia  Pois           ###.....     24%         4    #####..

Your spell library contained the following spells:

 Spells                   Type           Power        Failure   Level  Hunger
 Mephitic Cloud           Conj/Pois/Air  #.......     26%         3    ###....
 Venom Bolt               Conj/Pois      ##........   85%         5    ######.


Dungeon Overview and Level Annotations

Branches:
Dungeon (4/15)
 Temple: D:4-7

Altars:
Dithmenos


Innate Abilities, Weirdness & Mutations

You are resistant to torment.
Your stone body is resilient. (AC +4)
You are immune to poison.
You resist negative energy. (rN+)
You are resistant to electric shocks. (rElec)
You can survive without breathing.
You are immune to petrification.
You are immune to rotting.


Message History

The ogre is heavily wounded.
The ogre looks more healthy.
The ogre hits you with a +0 giant spiked club!!
Ouch! That really hurt!
* * * LOW HITPOINT WARNING * * *
You hit the ogre.
You feel better.
The ogre is severely wounded.
You hit the ogre.
You feel better.
The ogre is severely wounded.
The ogre completely misses you.
Casting: Poisonous Vapours (safe; 11% risk of failure)
Confirm with . or Enter, or press ? or * to list all spells.
Aiming: Sting (safe; 6% risk of failure)
Press: ? - help, Shift-Dir - straight line, f/p - ogre
Aim: an ogre, wielding a +0 giant spiked club (severely wounded)
The sting hits the ogre.
The ogre is severely wounded.
The ogre hits you with a +0 giant spiked club!
Ouch! That really hurt!
You die...

#.##...##...##**##**,,,,.##
#.#########..##...,,,,,,**#
#.##.............#*****,,,,
##.##.#####.....##* *,,,**
#..#..# ##..#.## ***,,*,,
#....## ##...#,#* *,,,,,,*
###### ##...##,,* *,,,****
#..#.#**,*****,,,* *
######...@#**,,*,,,,,,* *
#......)##O......***,,* *
#......##,......#***,** *
#.....##,,..###.#**,,* *
#.....#***### *,,,,,,* *
#.....# *,,,,,,* #.....#
*,,,,,,* #.....# ********
#######


You could see an ogre.

Vanquished Creatures
  A hound (D:4)
  2 worker ants
  5 adders
  A worm (D:3)
  3 dart slugs
  4 orcs (D:3)
  A ball python (D:1)
  6 giant cockroaches
  5 goblins
  9 hobgoblins
  5 jackals
  A quokka (D:3)
  10 bats
  A frilled lizard (D:1)
  7 kobolds
  6 rats
67 creatures vanquished.

Vanquished Creatures (others)
  An iguana (D:4)
  An adder (D:4)
  An ooze (D:4)
  A leopard gecko (D:4)
4 creatures vanquished.

Grand Total: 71 creatures vanquished

Notes
Turn   | Place    | Note
-------+----------+-------------------------------------------
     0 | D:1      | nightchill the Gargoyle Venom Mage began the quest for the
                  | Orb.
     0 | D:1      | Reached XP level 1. HP: 10/10 MP: 3/3
   471 | D:1      | Reached XP level 2. HP: 11/16 MP: 5/5
   572 | D:1      | Learned a level 2 spell: Poisonous Vapours
   911 | D:1      | Reached skill level 1 in Fighting
  1986 | D:2      | Reached XP level 3. HP: 15/20 MP: 1/6
  2001 | D:2      | Reached skill level 4 in Poison Magic
  2124 | D:2      | Found a shadowy altar of Dithmenos.
  2555 | D:2      | Reached XP level 4. HP: 26/26 MP: 7/7
  2565 | D:2      | Learned a level 4 spell: Olgreb's Toxic Radiance
  3423 | D:3      | Reached XP level 5. HP: 31/31 MP: 8/8
  3628 | D:3      | Reached skill level 5 in Poison Magic
  4146 | D:4      | Noticed an ogre
  4332 | D:4      | Mangled by an ogre

Levels and vault maps discovered:
D:1:      mrwooster_arrival_statue_2, layout_basic
D:2:      layout_loops_ring, grunt_dithmenos_smoke
D:3:      layout_loops_corners
D:4:      layout_rooms, xom_confusion_cloud, uniq_sigmund

Skill      XL: |  1  2  3  4  5 |
---------------+----------------+-----
Fighting       | 1 2 3 |  3.1
Poison Magic   | 4 5 |  5.4
Dodging        | |  1.5
Stealth        | |  2.1
Spellcasting   | |  2.0
Conjurations   | |  1.1

Action                   |  1- 3 |  4- 6 || total
-------------------------+-------+-------++-------
Melee: Club              |    89 |       ||    89
       Unarmed           |     5 |       ||     5
       Dagger            |    46 |   182 ||   228
Throw: Stone             |     1 |       ||     1
 Cast: Sting             |    24 |     3 ||    27
       Poisonous Vapours |     2 |     6 ||     8
       Olgreb's Toxic Ra |       |     2 ||     2
  Use: Scroll            |       |     6 ||     6
 Stab: Sleeping          |     1 |     1 ||     2
  Eat: Chunk             |     6 |     7 ||    13
Armor: Robe              |    62 |    49 ||   111
Dodge: Dodged            |   116 |   124 ||   240
